 Dungeon Crawl Stone Soup version 0.31-a0-232-gb1c03b2570 (webtiles) character file.

Game seed: 7897620722871289112

214 qw the Shooter (level 5, 0/45 HPs)
             Began as a Minotaur Hexslinger on July 7, 2023.
             Succumbed to a scorpion's poison
             ... on level 4 of the Dungeon.
             The game lasted 00:01:02 (2472 turns).

qw the Shooter (Minotaur Hexslinger)                Turns: 2472, Time: 00:01:02

Health: 0/45       AC:  5    Str: 13    XL:     5   Next: 59%
Magic:  5/5        EV: 11    Int: 10    God:
Gold:   155        SH:  0    Dex: 14    Spells: 5/6 levels left

rFire   . . .        Y - +1 sling
rCold   . . .        (no shield)
rNeg    . . .        b - +0 ring mail
rPois   .            (helmet restricted)
rElec   .            (no cloak)
rCorr   .            (no gloves)
SInv    .            (no boots)
Will    .....        e - amulet of faith
Stlth   +            (no ring)
HPRegen 0.27/turn    (no ring)
MPRegen 0.09/turn

%: faith
@: lethally poisoned (0 -> -2)
A: horns 2, retaliatory headbutt
a: no special abilities


You were on level 4 of the Dungeon.
You visited 1 branch of the dungeon, and saw 4 of its levels.
You also visited: Sewer.

You collected 155 gold pieces.


Innate Abilities, Weirdness & Mutations

You have a pair of horns on your head.
You reflexively headbutt those who attack you in melee.


   Skills:
 - Level 3.0 Fighting
 + Level 5.8 Ranged Weapons
 - Level 1.0 Armour
 - Level 2.1 Dodging
 - Level 1.0 Spellcasting
 - Level 2.0 Hexes


You had 5 spell levels left.
You knew the following spells:

 Your Spells              Type           Power      Damage    Failure   Level
a - Slow                  Hex            16%        N/A       32%         1

Your spell library contained the following spells:

 Spells                   Type           Power      Damage    Failure   Level
 Inner Flame              Hex/Fire       2%         N/A       82%         3
 Portal Projectile        Hex/Tloc       4%         N/A       82%         3
 Cause Fear               Hex            2%         N/A       97%         4

Inventory:

Hand Weapons
 Y - a +1 sling (weapon)
Armour
 b - a +0 ring mail (worn)
Jewellery
 e - an amulet of faith (around neck)
Scrolls
 g - 2 scrolls of identify
 l - a scroll of enchant weapon {unknown}
Potions
 a - 2 potions of cancellation {unknown}
 c - a potion of ambrosia {unknown}
 d - 2 potions of mutation {unknown}
 h - a potion of invisibility {unknown}
 i - a potion of brilliance {unknown}
 j - a potion of might {unknown}
 k - a potion of haste {unknown}

Dungeon Overview and Level Annotations

Branches:
Dungeon (4/15)              Sewer (visited)
 Temple: D:4-7

Altars:
Ru


Message History

You shoot a sling bullet. The sling bullet hits the orc.
The orc is heavily wounded.
The orc hits you but does no damage.
You shoot a sling bullet. The sling bullet barely misses the orc.
The sling bullet closely misses the scorpion.
The orc hits you with a +0 short sword. The scorpion stings you.
You shoot a sling bullet.
The sling bullet hits the orc but does no damage.
The orc is moderately wounded.
The orc hits you but does no damage. The scorpion stings you.
You are poisoned.
The scorpion poisons you! The orc barely misses you.
You shoot a sling bullet.
The sling bullet hits the orc but does no damage.
The orc is moderately wounded.
You feel very sick. The scorpion stings you.
The orc hits you but does no damage. The scorpion stings you.
You shoot a sling bullet.
The sling bullet closely misses the orc.
You feel very sick. The scorpion stings you. The orc completely misses you.
You shoot a sling bullet. The sling bullet barely misses the orc.
You feel sick. The scorpion barely misses you.
The orc hits you with a +0 short sword. The scorpion closely misses you.
You shoot a sling bullet.
The sling bullet completely misses the orc.
You feel sick. The orc misses you.
The scorpion stings you but does no damage.
The orc hits you with a +0 short sword.
You shoot a sling bullet.
The sling bullet hits the orc but does no damage.
The orc is lightly wounded.
You feel sick. The scorpion barely misses you.
The orc hits you with a +0 short sword.
The scorpion stings you but does no damage.
You shoot a sling bullet.
The sling bullet hits the orc but does no damage.
The orc is lightly wounded.
You die...

#.##.#.##.# #.#
.....#.##.####.#
#.####.#.....#.####
.......#..........#
#.##########.#.##.#
#..## #.#.##.##
#.#.##
#.#.#...###(.
.###.#
#.#...#......
#.#.## #.###@o.#
##.## #.# ##s## ###
#.# .# #.# .# .# .#
.# .#


You could see a scorpion and an orc.

Vanquished Creatures
  Pargi (Sewer)
  An iguana (D:4)
  An adder (D:2)
  3 worms
  A dart slug (D:4)
  An orc (D:4)
  11 ball pythons
  9 endoplasms
  3 giant cockroaches
  5 goblins
  4 hobgoblins
  4 jackals (D:2)
  5 kobolds
  6 quokkas
  3 bats
  6 frilled lizards
  3 rats (D:1)
67 creatures vanquished.

Notes
Turn   | Place    | Note
-------+----------+-------------------------------------------
     0 | D:1      | qw the Minotaur Hexslinger began the quest for the Orb.
     0 | D:1      | Reached XP level 1. HP: 16/16 MP: 1/1
     0 | D:1      | 0 ||| qw: Version: 0.3-a-46-gb1f654a
     0 | D:1      | 0 ||| qw: Game counter: 2217
     0 | D:1      | 0 ||| qw: Melee chars always use a shield: true
     0 | D:1      | 0 ||| qw: God list: Okawaru
     0 | D:1      | 0 ||| qw: Allow faded altars: false
     0 | D:1      | 0 ||| qw: Do Orc after clearing Dungeon:15 true
     0 | D:1      | 0 ||| qw: Do second Lair branch before Depths: true
     0 | D:1      | 0 ||| qw: Lair rune preference: random
     0 | D:1      | 0 ||| qw: Goals: Normal
     0 | D:1      | 0 ||| PLANNING D:1-11
   154 | D:1      | Reached skill level 3 in Ranged Weapons
   154 | D:1      | Reached XP level 2. HP: 23/23 MP: 2/2
   500 | D:1      | 500 ||| DROPPING ring of flight.
   501 | D:1      | 501 ||| READING scroll labelled YHYROI NYCU.
   502 | D:1      | 502 ||| READING scroll labelled QURALE NOGITTU.
   503 | D:1      | 503 ||| READING scroll labelled VYMEUM BOAREA.
   504 | D:1      | 504 ||| DROPPING scroll of poison.
   596 | D:2      | Reached XP level 3. HP: 29/29 MP: 3/3
   822 | D:2      | Reached skill level 4 in Ranged Weapons
  1116 | D:2      | 1116 ||| UPGRADING to +0 ring mail.
  1126 | D:2      | 1126 ||| DROPPING +0 robe.
  1127 | D:2      | 1127 ||| UPGRADING to amulet of faith.
  1132 | D:2      | 1132 ||| READING scroll labelled BAMMOJ TASHRE.
  1133 | D:2      | 1133 ||| READING scroll labelled HENNEN XIXELI.
  1134 | D:2      | 1134 ||| READING 2 scrolls of identify.
  1134 | D:2      | 1134 ||| IDENTIFYING grey potion
  1157 | D:3      | 1157 ||| PLANNING SEWER
  1272 | D:3      | Reached skill level 1 in Armour
  1316 | D:3      | Reached XP level 4. HP: 36/36 MP: 4/4
  1395 | D:3      | Found a glowing drain.
  1396 | D:3      | 1396 ||| READING scroll labelled GYRETIMURI.
  1479 | Sewer    | Entered a sewer
  1590 | Sewer    | Noticed Pargi
  1598 | Sewer    | Killed Pargi
  1599 | Sewer    | Reached skill level 5 in Ranged Weapons
  1599 | Sewer    | Reached XP level 5. HP: 14/41 MP: 5/5
  1751 | D:3      | 1751 ||| PLANNING D:1-11
  2105 | D:4      | Found a sacrificial altar of Ru.
  2191 | D:4      | HP: 6/41 [iguana (10)]
  2192 | D:4      | 2192 ||| DRINKING potion of heal wounds.
  2200 | D:4      | Reached skill level 3 in Fighting
  2469 | D:4      | HP: 9/45 [orc/+0 short sword (4)]
  2470 | D:4      | HP: 4/45 [orc/+0 short sword (4)]
  2471 | D:4      | HP: 1/45 [orc/+0 short sword (2)]
  2472 | D:4      | Succumbed to a scorpion's poison

Levels and vault maps discovered:
D:1:      dpeg_arrival_windows_large_door, layout_basic
D:2:      layout_basic, feat_on_display
D:3:      layout_rooms, cheibrodos_sewer_entry_drain,
          minmay_misc_feat_four_crosses
D:4:      layout_loops_ring, fiery_altar_vehumet,
          nicolae_ru_sacrificial_ziggurat, temple_statues

Skill      XL: |  1  2  3  4  5 |
---------------+----------------+-----
Ranged Weapons | 3 4 5 |  5.8
Fighting       | 2 3 |  3.0
Armour         | 1 |  1.0
Dodging        | |  2.1
Spellcasting   | |  1.0
Hexes          | |  2.0

Action                     |  1- 3 |  4- 6 || total
---------------------------+-------+-------++-------
   Fire: Sling             |   135 |    98 ||   233
    Use: Scroll            |     6 |     1 ||     7
         Potion            |       |     1 ||     1
 Armour: Robe              |     1 |       ||     1
         Ring mail         |     3 |    16 ||    19
  Dodge: Dodged            |    29 |    35 ||    64

Table legend:
 A = Non-vault XP
 B = Vault XP
 C = Vault XP percentage of total XP
 D = Non-vault monster count
 E = Vault monster count
 F = Vault count percentage of total count
                 A         B        C        D         E       F
            +---------+---------+-------+---------+---------+-------
      Total |     160 |     146 |  47.7 |      58 |       9 |  13.4
            +---------+---------+-------+---------+---------+-------
        D:1 |      31 |       0 |   0.0 |      18 |       0 |   0.0
        D:2 |      48 |       0 |   0.0 |      20 |       0 |   0.0
        D:3 |      26 |       8 |  23.5 |      12 |       3 |  20.0
        D:4 |      55 |       0 |   0.0 |       8 |       0 |   0.0
      Sewer |       0 |     138 | 100.0 |       0 |       6 | 100.0
            +---------+---------+-------+---------+---------+-------
